[ AOE2 MATCH · #507179176 ]
UnrankedPersians vs Celts
Player's team · WIN
Rival team · LOSS
[ REPLAY ANALYSIS · EXTRACTED FROM THE RECORDED GAME ]
Feudal
11:05
Castle
19:07
Imperial
—
| APM avg | 67.0 |
| APM peak | 99 |
| eAPM avg | 29.4 |
| Villagers / military | 100 / 83 |
Focus
⚔️ 51.6% · 🌾 48.4%
Cavalry Archer ×57 · Knight ×7 · Scout Cavalry ×7 · Archer ×4 · Camel Scout ×3 · Militia ×2
Feudal
13:13
Castle
17:17
Imperial
—
| APM avg | 74.9 |
| APM peak | 111 |
| eAPM avg | 36.7 |
| Villagers / military | 133 / 72 |
Focus
⚔️ 44.8% · 🌾 55.2%
Spearman ×46 · Scorpion ×13 · Monk ×5 · Knight ×5 · Militia ×3
Match map
Initial resources + every placement click. Lines = walls · curves = elevation contours. ◆ gold · ⬟ stone · ● berries · ✦ relic · ◌ wall gap
Your base· Open — 5t gap
RD | Kiko's base· Open — 5t gap
Smoothed initial terrain · ◌ = detected wall gap · hover for details
Inputs per minute
— 小少少 - - RD | Kiko
Build order — 小少少
First 150 of 287 actions detected
| 0:00 | Queue | Villager (Male) |
| 0:01 | Queue | Villager (Male) |
| 0:02 | Build | House |
| 0:10 | Build | Barracks |
| 0:19 | Queue | Villager (Male) |
| 0:19 | Queue | Villager (Male) |
| 0:31 | Build | Barracks |
| 0:32 | Build | Palisade Wall |
| 0:36 | Queue | Villager (Male) |
| 0:50 | Build | House |
| 1:31 | Queue | Villager (Male) |
| 1:34 | Queue | Militia |
| 1:59 | Research | Loom |
| 2:07 | Queue | Militia |
| 2:11 | Build | House |
| 2:27 | Queue | Villager (Male) |
| 2:27 | Queue | Villager (Male) |
| 2:43 | Queue | Villager (Male) |
| 2:43 | Queue | Villager (Male) |
| 3:18 | Queue | Villager (Male) |
| 3:18 | Queue | Villager (Male) |
| 3:25 | Queue | Villager (Male) |
| 4:07 | Queue | Villager (Male) |
| 4:07 | Queue | Villager (Male) |
| 4:07 | Queue | Villager (Male) |
| 4:57 | Queue | Villager (Male) |
| 5:11 | Queue | Villager (Male) |
| 5:11 | Queue | Villager (Male) |
| 5:16 | Build | Lumber Camp |
| 5:19 | Queue | Villager (Male) |
| 5:51 | Queue | Villager (Male) |
| 5:55 | Build | House |
| 6:15 | Queue | Villager (Male) |
| 6:42 | Queue | Villager (Male) |
| 7:08 | Build | Mill |
| 7:45 | Queue | Villager (Male) |
| 7:53 | Build | Farm |
| 7:56 | Queue | Villager (Male) |
| 7:57 | Queue | Villager (Male) |
| 8:21 | Build | House |
| 8:56 | Build | Farm |
| 9:01 | Research | Feudal Age |
| 9:01 | Research | Feudal Age |
| 9:11 | Build | House |
| 9:12 | Build | Palisade Wall |
| 9:13 | Build | Palisade Wall |
| 9:44 | Build | Palisade Wall |
| 9:45 | Build | Palisade Wall |
| 10:34 | Queue | Villager (Male) |
| 10:37 | Queue | Villager (Male) |
| 11:03 | Build | Farm |
| 11:04 | Build | Farm |
| 11:05 | Age | Feudal Age |
| 11:07 | Build | Stable |
| 11:08 | Research | Double-Bit Axe |
| 11:09 | Queue | Spearman |
| 11:13 | Build | Farm |
| 11:24 | Queue | Villager (Male) |
| 11:38 | Build | House |
| 11:39 | Queue | Villager (Male) |
| 12:00 | Research | Horse Collar |
| 12:03 | Queue | Scout Cavalry |
| 12:04 | Queue | Scout Cavalry |
| 12:10 | Queue | Scout Cavalry |
| 12:11 | Queue | Villager (Male) |
| 12:16 | Build | Farm |
| 12:32 | Build | Farm |
| 12:37 | Queue | Scout Cavalry |
| 12:45 | Queue | Villager (Male) |
| 12:47 | Build | Farm |
| 12:58 | Build | Farm |
| 13:15 | Queue | Scout Cavalry |
| 13:16 | Queue | Villager (Male) |
| 13:23 | Build | Mining Camp |
| 13:39 | Queue | Scout Cavalry |
| 13:42 | Build | House |
| 13:48 | Queue | Villager (Male) |
| 13:49 | Build | Farm |
| 13:50 | Queue | Villager (Male) |
| 14:01 | Build | Farm |
| 14:17 | Queue | Scout Cavalry |
| 14:20 | Queue | Villager (Male) |
| 14:22 | Build | Farm |
| 14:32 | Build | House |
| 14:46 | Queue | Villager (Male) |
| 14:47 | Build | Farm |
| 15:03 | Queue | Villager (Male) |
| 15:20 | Queue | Villager (Male) |
| 15:25 | Build | Archery Range |
| 15:30 | Build | House |
| 15:50 | Queue | Villager (Male) |
| 16:10 | Queue | Archer |
| 16:13 | Build | Lumber Camp |
| 16:18 | Queue | Archer |
| 16:42 | Research | Castle Age |
| 16:42 | Research | Castle Age |
| 17:14 | Build | Blacksmith |
| 17:17 | Queue | Archer |
| 17:21 | Research | Gold Mining |
| 17:25 | Queue | Archer |
| 17:30 | Build | House |
| 17:32 | Build | Palisade Wall |
| 17:52 | Build | Farm |
| 18:02 | Build | Archery Range |
| 18:03 | Research | Fletching |
| 18:28 | Build | Lumber Camp |
| 19:07 | Age | Castle Age |
| 19:10 | Queue | Cavalry Archer |
| 19:11 | Queue | Camel Scout |
| 19:12 | Queue | Cavalry Archer |
| 19:13 | Queue | Camel Scout |
| 19:21 | Build | House |
| 19:22 | Build | Palisade Wall |
| 19:23 | Queue | Camel Scout |
| 19:26 | Build | House |
| 19:29 | Build | House |
| 19:30 | Queue | Cavalry Archer |
| 19:33 | Build | House |
| 19:34 | Build | House |
| 19:34 | Queue | Villager (Male) |
| 19:44 | Queue | Cavalry Archer |
| 20:03 | Queue | Villager (Male) |
| 20:05 | Build | Town Center |
| 20:12 | Research | Bodkin Arrow |
| 20:12 | Research | Bodkin Arrow |
| 20:25 | Queue | Cavalry Archer |
| 20:25 | Queue | Cavalry Archer |
| 20:32 | Queue | Villager (Male) |
| 20:32 | Queue | Villager (Male) |
| 20:35 | Build | Farm |
| 20:58 | Queue | Cavalry Archer |
| 21:01 | Queue | Cavalry Archer |
| 21:02 | Queue | Cavalry Archer |
| 21:03 | Queue | Villager (Male) |
| 21:03 | Queue | Villager (Male) |
| 21:04 | Build | Farm |
| 21:13 | Queue | Villager (Male) |
| 21:15 | Build | Farm |
| 21:16 | Build | Farm |
| 21:22 | Queue | Cavalry Archer |
| 21:23 | Queue | Villager (Male) |
| 21:23 | Queue | Villager (Male) |
| 21:38 | Build | Farm |
| 21:39 | Build | Farm |
| 21:42 | Queue | Villager (Male) |
| 21:43 | Queue | Villager (Male) |
| 21:47 | Queue | Cavalry Archer |
| 22:00 | Build | House |
| 22:04 | Build | House |
| 22:07 | Build | Palisade Wall |
Build order — RD | Kiko
First 150 of 327 actions detected
| 0:00 | Queue | Villager (Male) |
| 0:01 | Queue | Villager (Male) |
| 0:01 | Queue | Villager (Male) |
| 0:02 | Build | House |
| 0:03 | Build | House |
| 0:07 | Queue | Villager (Male) |
| 1:29 | Queue | Villager (Male) |
| 1:29 | Queue | Villager (Male) |
| 1:57 | Build | Lumber Camp |
| 1:58 | Queue | Villager (Male) |
| 1:58 | Queue | Villager (Male) |
| 2:21 | Queue | Villager (Male) |
| 2:53 | Queue | Villager (Male) |
| 3:11 | Queue | Villager (Male) |
| 3:12 | Queue | Villager (Male) |
| 3:31 | Queue | Villager (Male) |
| 3:50 | Build | House |
| 3:55 | Queue | Villager (Male) |
| 4:15 | Build | Barracks |
| 4:22 | Queue | Villager (Male) |
| 4:26 | Research | Loom |
| 4:42 | Build | House |
| 4:59 | Queue | Villager (Male) |
| 5:08 | Queue | Militia |
| 5:08 | Queue | Militia |
| 5:25 | Queue | Villager (Male) |
| 5:25 | Queue | Villager (Male) |
| 5:49 | Queue | Villager (Male) |
| 5:54 | Queue | Militia |
| 6:15 | Queue | Villager (Male) |
| 6:44 | Queue | Villager (Male) |
| 7:10 | Queue | Villager (Male) |
| 7:20 | Build | House |
| 7:43 | Queue | Villager (Male) |
| 7:44 | Queue | Villager (Male) |
| 7:59 | Build | House |
| 8:02 | Build | Palisade Wall |
| 8:15 | Queue | Villager (Male) |
| 8:15 | Queue | Villager (Male) |
| 8:23 | Build | Mill |
| 8:24 | Queue | Villager (Male) |
| 8:26 | Queue | Villager (Male) |
| 8:26 | Queue | Villager (Male) |
| 8:52 | Queue | Villager (Male) |
| 8:52 | Queue | Villager (Male) |
| 8:59 | Queue | Villager (Male) |
| 9:15 | Queue | Villager (Male) |
| 9:24 | Queue | Villager (Male) |
| 9:25 | Queue | Villager (Male) |
| 9:30 | Build | Farm |
| 9:32 | Queue | Villager (Male) |
| 9:43 | Build | Farm |
| 10:01 | Build | Farm |
| 10:16 | Queue | Villager (Male) |
| 10:17 | Queue | Villager (Male) |
| 10:20 | Queue | Villager (Male) |
| 10:33 | Queue | Villager (Male) |
| 10:45 | Queue | Villager (Male) |
| 10:48 | Build | Farm |
| 11:02 | Research | Feudal Age |
| 11:08 | Build | Mining Camp |
| 11:19 | Build | Farm |
| 11:54 | Queue | Villager (Male) |
| 11:59 | Build | Palisade Wall |
| 12:00 | Build | Palisade Wall |
| 12:01 | Build | Palisade Wall |
| 12:55 | Queue | Villager (Male) |
| 13:13 | Age | Feudal Age |
| 13:23 | Build | Market |
| 13:33 | Build | Blacksmith |
| 13:43 | Queue | Spearman |
| 13:43 | Queue | Spearman |
| 13:51 | Build | House |
| 13:58 | Build | Palisade Wall |
| 14:00 | Build | Palisade Wall |
| 14:02 | Build | Palisade Wall |
| 14:37 | Research | Castle Age |
| 14:57 | Research | Double-Bit Axe |
| 14:59 | Queue | Spearman |
| 15:26 | Research | Horse Collar |
| 15:28 | Build | Farm |
| 15:29 | Build | Farm |
| 15:42 | Build | Farm |
| 15:45 | Queue | Spearman |
| 15:54 | Queue | Villager (Male) |
| 16:12 | Build | Stable |
| 16:20 | Queue | Spearman |
| 16:47 | Build | Palisade Wall |
| 16:56 | Queue | Villager (Male) |
| 17:17 | Age | Castle Age |
| 17:17 | Build | Farm |
| 17:19 | Queue | Knight |
| 17:19 | Queue | Knight |
| 17:25 | Queue | Villager (Male) |
| 17:28 | Build | Farm |
| 17:30 | Build | Farm |
| 17:44 | Build | House |
| 17:53 | Queue | Knight |
| 18:11 | Queue | Villager (Male) |
| 18:14 | Build | House |
| 18:15 | Build | Farm |
| 18:19 | Build | Farm |
| 18:27 | Queue | Villager (Male) |
| 18:43 | Queue | Villager (Male) |
| 18:56 | Queue | Knight |
| 19:09 | Queue | Knight |
| 19:19 | Build | Town Center |
| 19:32 | Queue | Villager (Male) |
| 19:46 | Queue | Villager (Male) |
| 19:48 | Build | Farm |
| 19:49 | Build | Farm |
| 20:00 | Queue | Villager (Male) |
| 20:06 | Build | Town Center |
| 20:25 | Queue | Villager (Male) |
| 20:28 | Build | Farm |
| 20:29 | Build | Farm |
| 20:32 | Queue | Villager (Male) |
| 20:35 | Build | Monastery |
| 20:39 | Queue | Villager (Male) |
| 21:00 | Queue | Villager (Male) |
| 21:13 | Queue | Villager (Male) |
| 21:14 | Build | Farm |
| 21:15 | Build | Farm |
| 21:21 | Queue | Monk |
| 21:27 | Build | Siege Workshop |
| 21:31 | Queue | Villager (Male) |
| 21:35 | Queue | Villager (Male) |
| 21:43 | Build | Farm |
| 21:54 | Queue | Villager (Male) |
| 22:11 | Queue | Villager (Male) |
| 22:15 | Queue | Scorpion |
| 22:16 | Queue | Monk |
| 22:20 | Queue | Villager (Male) |
| 22:20 | Queue | Villager (Male) |
| 22:24 | Build | Farm |
| 22:24 | Build | Farm |
| 22:27 | Build | House |
| 22:28 | Build | House |
| 22:34 | Queue | Scorpion |
| 22:36 | Queue | Villager (Male) |
| 22:46 | Queue | Villager (Male) |
| 22:54 | Build | House |
| 22:54 | Build | House |
| 22:58 | Queue | Villager (Male) |
| 23:01 | Build | House |
| 23:10 | Build | Lumber Camp |
| 23:15 | Queue | Villager (Male) |
| 23:21 | Queue | Villager (Male) |
| 23:28 | Queue | Monk |
| 23:34 | Queue | Villager (Male) |
Match timeline
| 0:10 | 小少少 · first_building Barracks |
| 0:32 | 小少少 · wall_segment Palisade Wall x1 |
| 4:15 | RD | Kiko · first_building Barracks |
| 8:02 | RD | Kiko · wall_segment Palisade Wall x7 |
| 9:12 | 小少少 · wall_segment Palisade Wall x3 |
| 9:13 | 小少少 · wall_segment Palisade Wall x1 |
| 9:44 | 小少少 · wall_segment Palisade Wall x1 |
| 9:45 | 小少少 · wall_segment Palisade Wall x1 |
| 11:05 | 小少少 · age_up feudal |
| 11:07 | 小少少 · first_building Stable |
| 11:59 | RD | Kiko · wall_segment Palisade Wall x6 |
| 12:00 | RD | Kiko · wall_segment Palisade Wall x2 |
| 12:01 | RD | Kiko · wall_segment Palisade Wall x1 |
| 13:13 | RD | Kiko · age_up feudal |
| 13:58 | RD | Kiko · wall_segment Palisade Wall x1 |
| 14:00 | RD | Kiko · wall_segment Palisade Wall x1 |
| 14:02 | RD | Kiko · wall_segment Palisade Wall x1 |
| 14:30 | RD | Kiko · first_market_sell 100 wood |
| 15:25 | 小少少 · first_building Archery Range |
| 16:08 | RD | Kiko · first_market_buy 100 wood |
| 16:12 | RD | Kiko · first_building Stable |
| 16:47 | RD | Kiko · wall_segment Palisade Wall x1 |
| 17:17 | RD | Kiko · age_up castle |
| 17:32 | 小少少 · wall_segment Palisade Wall x6 |
| 19:07 | 小少少 · age_up castle |
| 19:22 | 小少少 · wall_segment Palisade Wall x1 |
| 20:35 | RD | Kiko · first_building Monastery |
| 21:27 | RD | Kiko · first_building Siege Workshop |
| 22:07 | 小少少 · wall_segment Palisade Wall x1 |
| 25:04 | 小少少 · wall_segment Palisade Wall x1 |
| 31:23 | 小少少 · first_building Siege Workshop |
| 31:32 | 小少少 · first_building Castle |
| 32:02 | RD | Kiko · first_building Castle |
| 32:46 | RD | Kiko · resign |
[ AI ANALYSIS · 1 CREDIT ]
What really happened in this match?
Wolo.gg analyzes every decision: build order, eco, micro, common mistakes by bracket. Personalized analysis on WhatsApp or Discord in 30 seconds.
Civ guide
Persians
Perfil
Jugador #9750845